| TOP OF THE 1ST |
|
Pensacola Blue Wahoos batting - Pitching for Harrisburg Senators : RHP Bill Stump
|
|
Pitching: RHP Bill Stump
|
|
|
Batting: RHB Solange Le Coq
|
0-0: Ball 1-0: Ball 2-0: Called Strike 2-1: Ball 3-1: SINGLE (Groundball, 4S, EV 71.3 MPH) (infield hit)
|
|
Batting: RHB Tim Wormell
|
0-0: Ball Solange Le Coq steals 2nd base 1-0: Called Strike 1-1: Ball 2-1: Ground out 6-3 (Groundball, 6, EV 79.4 MPH) Solange Le Coq to third
|
|
Batting: RHB Joseph Kirchmann
|
0-0: Ball 1-0: Ball 2-0: Foul Ball, location: 2F 2-1: Ball 3-1: Ground out 5-3 (Groundball, 5L, EV 101.3 MPH) Solange Le Coq scores
|
|
Batting: LHB Steven Wamble
|
0-0: Called Strike 0-1: Fly out, F7 (Flyball, 7D, EV 90.0 MPH)
|
| Top of the 1st over - 1 run, 1 hit, 0 errors, 0 left on base; Pensacola 1 - Harrisburg 0 |
| BOTTOM OF THE 1ST |
|
Harrisburg Senators batting - Pitching for Pensacola Blue Wahoos : RHP Brad Barnhart
|
|
Pitching: RHP Brad Barnhart
|
|
|
Batting: RHB Marcus Dawson
|
0-0: Called Strike 0-1: Bunt missed! 0-2: Ball 1-2: TRIPLE (Line Drive, 8RXD, EV 105.6 MPH)
|
|
Batting: RHB Donovan Auclair
|
0-0: Ball 1-0: Ball 2-0: Ball 3-0: Called Strike 3-1: Base on Balls
|
|
Batting: RHB Deshawn Boseman
|
0-0: Called Strike 0-1: Ball 1-1: Fly out, F7 (Flyball, 7, EV 84.4 MPH) Runner from 3rd tags up, OUT at HOME! 7-2 Donovan Auclair to second
|
|
Batting: LHB Shinji Adachi
|
0-0: Called Strike 0-1: 2-RUN HOME RUN (Flyball, 89XD, EV 101.3 MPH), Distance : 404 ft
|
|
Batting: RHB Tony Madrigal
|
0-0: Foul Ball, location: 2F 0-1: Swinging Strike 0-2: Fly out, F9 (Flyball, 9, EV 77.5 MPH)
|
| Bottom of the 1st over - 2 runs, 2 hits, 0 errors, 0 left on base; Pensacola 1 - Harrisburg 2 |
| TOP OF THE 2ND |
|
Pensacola Blue Wahoos batting - Pitching for Harrisburg Senators : RHP Bill Stump
|
|
Batting: RHB Pedro Pinero
|
0-0: SINGLE (Line Drive, 7LS, EV 86.9 MPH)
|
|
Batting: SHB Jared Thomas
|
0-0: Ball 1-0: Foul Ball, location: 2F 1-1: Bunted foul 1-2: Fielders Choice at 2nd, 6-4 (Groundball, 6, EV 104.4 MPH)
|
|
Batting: RHB Danny Powell
|
0-0: Called Strike Jared Thomas is caught stealing 2nd base 2-4 0-1: Ball 1-1: SINGLE (Groundball, 6MD, EV 101.3 MPH)
|
|
Batting: RHB Chris Holland
|
0-0: Called Strike Danny Powell steals 2nd, throwing error, E2 Danny Powell to third 0-1: Ball 1-1: Ball 2-1: Fly out, F9 (Flyball, 9LM, EV 82.5 MPH)
|
| Top of the 2nd over - 0 runs, 2 hits, 1 error, 1 left on base; Pensacola 1 - Harrisburg 2 |
| BOTTOM OF THE 2ND |
|
Harrisburg Senators batting - Pitching for Pensacola Blue Wahoos : RHP Brad Barnhart
|
|
Batting: RHB Jon Metzler
|
0-0: Ground out 6-3 (Groundball, 6, EV 88.1 MPH)
|
|
Batting: LHB Rich Hannus
|
0-0: Ball 1-0: Foul Ball, location: 2F 1-1: Ball 2-1: Called Strike 2-2: Ball 3-2: Strikes out swinging
|
|
Batting: RHB Haykuhi Kagramanian
|
0-0: Ball 1-0: Called Strike 1-1: Foul Ball, location: 2F 1-2: Strikes out swinging
|
| Bottom of the 2nd over - 0 runs, 0 hits, 0 errors, 0 left on base; Pensacola 1 - Harrisburg 2 |
| TOP OF THE 3RD |
|
Pensacola Blue Wahoos batting - Pitching for Harrisburg Senators : RHP Bill Stump
|
|
Batting: RHB Jose Caraballo
|
0-0: Ball 1-0: Foul Ball, location: 2F 1-1: Called Strike 1-2: Strikes out swinging
|
|
Batting: RHB Solange Le Coq
|
0-0: Foul Ball, location: 2F 0-1: Ground out 6-3 (Groundball, 56, EV 84.4 MPH)
|
|
Batting: RHB Tim Wormell
|
0-0: SINGLE (Groundball, 56, EV 99.4 MPH) (infield hit)
|
|
Batting: RHB Joseph Kirchmann
|
0-0: Ground out 1-3 (Groundball, 13, EV 71.9 MPH)
|
| Top of the 3rd over - 0 runs, 1 hit, 0 errors, 1 left on base; Pensacola 1 - Harrisburg 2 |
| BOTTOM OF THE 3RD |
|
Harrisburg Senators batting - Pitching for Pensacola Blue Wahoos : RHP Brad Barnhart
|
|
Batting: RHB Josh Courtney
|
0-0: Ball 1-0: Foul Ball, location: 2F 1-1: Ball 2-1: Ball 3-1: Base on Balls
|
|
Batting: RHB Marcus Dawson
|
0-0: Ball 1-0: SINGLE (Line Drive, 6MD, EV 110.6 MPH) Josh Courtney to second
|
|
Batting: RHB Donovan Auclair
|
0-0: Ball 1-0: Ball 2-0: Reached on error, E5 (Groundball, 56S, EV 78.8 MPH) Josh Courtney to third Marcus Dawson to second
|
|
Batting: RHB Deshawn Boseman
|
0-0: Ball 1-0: Swinging Strike 1-1: Ball 2-1: Ball 3-1: Base on Balls Josh Courtney scores Marcus Dawson to third Donovan Auclair to second
|
|
Batting: LHB Shinji Adachi
|
0-0: Ball 1-0: Ball 2-0: Ball 3-0: Base on Balls Marcus Dawson scores Donovan Auclair to third Deshawn Boseman to second
|
|
Batting: RHB Tony Madrigal
|
0-0: Called Strike 0-1: Called Strike 0-2: Fly out, F7 (Flyball, 7LM, EV 93.8 MPH) Runner from 3rd tags up, SCORES, no throw by LF
|
|
Batting: RHB Jon Metzler
|
0-0: Ball 1-0: Called Strike 1-1: SINGLE (Groundball, 56, EV 103.1 MPH) (infield hit) Deshawn Boseman to third Shinji Adachi to second
|
|
Pitching: LHP Brian Whittall
|
|
|
Batting: LHB Rich Hannus
|
0-0: Fly out, F7 (Line Drive, 7, EV 100.6 MPH)
|
|
Batting: RHB Haykuhi Kagramanian
|
0-0: Ball 1-0: Ball 2-0: Called Strike 2-1: Swinging Strike 2-2: Ball 3-2: Base on Balls Deshawn Boseman scores Shinji Adachi to third Jon Metzler to second
|
|
Batting: RHB Josh Courtney
|
0-0: Ball 1-0: Fly out, F9 (Flyball, 9LM, EV 90.0 MPH)
|
| Bottom of the 3rd over - 4 runs, 2 hits, 1 error, 3 left on base; Pensacola 1 - Harrisburg 6 |
| TOP OF THE 4TH |
|
Pensacola Blue Wahoos batting - Pitching for Harrisburg Senators : RHP Bill Stump
|
|
Batting: LHB Steven Wamble
|
0-0: Ball 1-0: SOLO HOME RUN (Flyball, 89XD, EV 103.8 MPH), Distance : 406 ft
|
|
Batting: RHB Pedro Pinero
|
0-0: Ground out 5-3 (Groundball, 56S, EV 81.9 MPH)
|
|
Batting: SHB Jared Thomas
|
0-0: Ball 1-0: Ball 2-0: Foul Ball, location: 2F 2-1: Reached on error, E3 (Groundball, 3, EV 84.4 MPH)
|
|
Batting: RHB Danny Powell
|
0-0: Called Strike Jared Thomas steals 2nd base 0-1: Ball 1-1: Swinging Strike 1-2: Strikes out looking
|
|
Batting: RHB Chris Holland
|
0-0: Ball 1-0: Called Strike 1-1: Swinging Strike 1-2: Ball 2-2: Ball 3-2: Base on Balls
|
|
Batting: RHB Jose Caraballo
|
0-0: Ball 1-0: Foul Ball, location: 2F 1-1: Ball 2-1: Ball 3-1: Foul Ball, location: 2F 3-2: Foul Ball, location: 2F 3-2: SINGLE (Groundball, 56D, EV 104.4 MPH) Jared Thomas to third Chris Holland to second Jared Thomas scores Chris Holland to third
|
|
Batting: RHB Solange Le Coq
|
0-0: Ball 1-0: Ball 2-0: Called Strike 2-1: Ground out 5-3 (Groundball, 56, EV 109.4 MPH)
|
| Top of the 4th over - 2 runs, 2 hits, 1 error, 2 left on base; Pensacola 3 - Harrisburg 6 |
| BOTTOM OF THE 4TH |
|
Harrisburg Senators batting - Pitching for Pensacola Blue Wahoos : LHP Brian Whittall
|
|
Batting: RHB Marcus Dawson
|
0-0: Called Strike 0-1: Ball 1-1: Ball 2-1: Foul Ball, location: 2F 2-2: Strikes out looking
|
|
Batting: RHB Donovan Auclair
|
0-0: Foul Ball, location: 2F 0-1: Ground out 6-3 (Groundball, 6, EV 103.1 MPH)
|
|
Batting: RHB Deshawn Boseman
|
0-0: Foul Ball, location: 2F 0-1: Ball 1-1: Ball 2-1: Called Strike 2-2: Ground out 4-3 (Groundball, 4MS, EV 89.4 MPH)
|
| Bottom of the 4th over - 0 runs, 0 hits, 0 errors, 0 left on base; Pensacola 3 - Harrisburg 6 |
| TOP OF THE 5TH |
|
Pensacola Blue Wahoos batting - Pitching for Harrisburg Senators : RHP Bill Stump
|
|
Batting: RHB Tim Wormell
|
0-0: Ball 1-0: Ball 2-0: Called Strike 2-1: Called Strike 2-2: Strikes out swinging
|
|
Batting: RHB Joseph Kirchmann
|
0-0: Called Strike 0-1: Ball 1-1: Swinging Strike 1-2: Foul Ball, location: 2F 1-2: Foul Ball, location: 2F 1-2: Ball 2-2: Strikes out swinging
|
|
Batting: LHB Steven Wamble
|
0-0: Called Strike 0-1: Called Strike 0-2: Foul Ball, location: 2F 0-2: Strikes out swinging
|
| Top of the 5th over - 0 runs, 0 hits, 0 errors, 0 left on base; Pensacola 3 - Harrisburg 6 |
| BOTTOM OF THE 5TH |
|
Harrisburg Senators batting - Pitching for Pensacola Blue Wahoos : LHP Brian Whittall
|
|
Batting: LHB Shinji Adachi
|
0-0: Ball 1-0: Ball 2-0: Called Strike 2-1: Ball 3-1: Called Strike 3-2: Foul Ball, location: 2F 3-2: SINGLE (Line Drive, 78S, EV 96.9 MPH)
|
|
Batting: RHB Tony Madrigal
|
0-0: Ball 1-0: Swinging Strike 1-1: Foul Ball, location: 2F 1-2: Ball 2-2: Strikes out looking
|
|
Batting: RHB Jon Metzler
|
0-0: SINGLE (Groundball, 34D, EV 104.4 MPH) Shinji Adachi to second Runner from 2nd tries for 3rd, SAFE, no throw by RF
|
|
Batting: LHB Rich Hannus
|
0-0: Ball Jon Metzler steals 2nd base 1-0: Ball 2-0: Ball 3-0: Base on Balls
|
|
Batting: RHB Haykuhi Kagramanian
|
0-0: Ball 1-0: Ball 2-0: Foul Ball, location: 2F 2-1: Ball 3-1: Foul Ball, location: 2F 3-2: Base on Balls Shinji Adachi scores Jon Metzler to third Rich Hannus to second
|
|
Batting: RHB Josh Courtney
|
0-0: Ball 1-0: Ball 2-0: Ball Passed Ball! Jon Metzler scores Rich Hannus to third Haykuhi Kagramanian to second 3-0: SINGLE (Groundball, 6MD, EV 99.4 MPH) Rich Hannus scores Haykuhi Kagramanian to third Runner from 3rd tries for Home, SAFE, throw by CF to home
|
|
Batting: RHB Marcus Dawson
|
0-0: Ball 1-0: Swinging Strike 1-1: Foul Ball, location: 2F 1-2: Ball 2-2: Strikes out looking
|
|
Batting: RHB Donovan Auclair
|
0-0: Ball 1-0: Ball 2-0: Foul Ball, location: 2F 2-1: Ball 3-1: Foul Ball, location: 2F 3-2: Base on Balls Josh Courtney to second
|
|
Pitching: RHP Brett Cooke
|
|
|
Batting: RHB Deshawn Boseman
|
0-0: Ball 1-0: SINGLE (Line Drive, 6D, EV 94.4 MPH) Josh Courtney to third Donovan Auclair to second Runner from 3rd tries for Home, SAFE, throw by CF to home
|
|
Batting: LHB Shinji Adachi
|
0-0: SINGLE (Groundball, 25, EV 65.0 MPH) (infield hit) Donovan Auclair to third Deshawn Boseman to second
|
|
Batting: RHB Tony Madrigal
|
0-0: Ball 1-0: Called Strike 1-1: SINGLE (Groundball, 56D, EV 106.3 MPH) Donovan Auclair scores Deshawn Boseman to third Shinji Adachi to second Runner from 3rd tries for Home, SAFE, throw by LF to home
|
|
Batting: RHB Jon Metzler
|
0-0: Foul Ball, location: 2F 0-1: Ball 1-1: SINGLE (Line Drive, 8RS, EV 91.3 MPH) Shinji Adachi to third Tony Madrigal to second Runner from 3rd tries for Home, SAFE, throw by CF to home
|
|
Batting: LHB Rich Hannus
|
0-0: Ball 1-0: Fly out, F8 (Flyball, 8LS, EV 85.0 MPH)
|
| Bottom of the 5th over - 8 runs, 7 hits, 0 errors, 2 left on base; Pensacola 3 - Harrisburg 14 |
| TOP OF THE 6TH |
|
Pensacola Blue Wahoos batting - Pitching for Harrisburg Senators : RHP Bill Stump
|
|
Batting: RHB Pedro Pinero
|
0-0: Ball 1-0: Ball 2-0: Ball 3-0: Called Strike 3-1: Base on Balls
|
|
Batting: SHB Jared Thomas
|
0-0: Called Strike 0-1: Ball 1-1: Ball Pedro Pinero steals 2nd base 2-1: Ball 3-1: Base on Balls
|
|
Batting: RHB Danny Powell
|
0-0: Called Strike 0-1: Fielders Choice at 2nd, 5-4 (Groundball, 56D, EV 105.0 MPH) Pedro Pinero to third
|
|
Batting: RHB Chris Holland
|
0-0: Ball 1-0: Called Strike 1-1: Swinging Strike 1-2: Foul Ball, location: 2F 1-2: Strikes out swinging
|
|
Pitching: RHP Sam Wood
|
|
|
Batting: RHB Jose Caraballo
|
0-0: Foul Ball, location: 2F 0-1: Foul Ball, location: 2F 0-2: Ball 1-2: Ball 2-2: SINGLE (Flyball, 56D, EV 89.4 MPH) Pedro Pinero scores Danny Powell to second
|
|
Batting: RHB Solange Le Coq
|
0-0: Called Strike 0-1: Fly out, F8 (Flyball, 89M, EV 75.0 MPH)
|
| Top of the 6th over - 1 run, 1 hit, 0 errors, 2 left on base; Pensacola 4 - Harrisburg 14 |
| BOTTOM OF THE 6TH |
|
Harrisburg Senators batting - Pitching for Pensacola Blue Wahoos : RHP Brett Cooke
|
|
Batting: RHB Haykuhi Kagramanian
|
0-0: Ball 1-0: Fly out, F4 (Popup, 4, EV 69.4 MPH)
|
|
Batting: RHB Josh Courtney
|
0-0: Ball 1-0: Foul Ball, location: 2F 1-1: Foul Ball, location: 2F 1-2: Foul Ball, location: 2F 1-2: Ball 2-2: Strikes out swinging
|
|
Batting: RHB Marcus Dawson
|
0-0: Ball 1-0: Foul Ball, location: 2F 1-1: Called Strike 1-2: Fly out, F9 (Line Drive, 9D, EV 96.9 MPH)
|
| Bottom of the 6th over - 0 runs, 0 hits, 0 errors, 0 left on base; Pensacola 4 - Harrisburg 14 |
| TOP OF THE 7TH |
|
Pensacola Blue Wahoos batting - Pitching for Harrisburg Senators : RHP Sam Wood
|
|
Batting: RHB Tim Wormell
|
0-0: Ball 1-0: Swinging Strike 1-1: SINGLE (Groundball, 6MD, EV 95.0 MPH)
|
|
Pinch Hitting: LHB Jason Pirkle
|
0-0: SINGLE (Groundball, 4MD, EV 94.4 MPH) Tim Wormell to second
|
|
Pinch Hitting: RHB Tony Diaz
|
0-0: Ball 1-0: Grounds into double play, 6-4-3 (Groundball, 6M, EV 81.9 MPH) Tim Wormell to third
|
|
Batting: RHB Pedro Pinero
|
0-0: Ball 1-0: Ball 2-0: Ball 3-0: Called Strike 3-1: Foul Ball, location: 2F 3-2: Ground out 3-1 (Groundball, 34, EV 84.4 MPH)
|
| Top of the 7th over - 0 runs, 2 hits, 0 errors, 1 left on base; Pensacola 4 - Harrisburg 14 |
| BOTTOM OF THE 7TH |
|
Harrisburg Senators batting - Pitching for Pensacola Blue Wahoos : RHP Brett Cooke
|
|
Now at 1B: Dave Ruiz
|
|
|
Now in RF: Jason Pirkle
|
|
|
Batting: RHB Donovan Auclair
|
0-0: Ball 1-0: Fly out, F8 (Flyball, 8RS, EV 73.8 MPH)
|
|
Batting: RHB Deshawn Boseman
|
0-0: Ball 1-0: Ball 2-0: Ground out 5-3 (Groundball, 56S, EV 88.1 MPH)
|
|
Batting: LHB Shinji Adachi
|
0-0: Ball 1-0: SOLO HOME RUN (Flyball, 9D, EV 93.1 MPH), Distance : 349 ft
|
|
Batting: RHB Tony Madrigal
|
0-0: Ground out 5-3 (Groundball, 5S, EV 89.4 MPH)
|
| Bottom of the 7th over - 1 run, 1 hit, 0 errors, 0 left on base; Pensacola 4 - Harrisburg 15 |
| TOP OF THE 8TH |
|
Pensacola Blue Wahoos batting - Pitching for Harrisburg Senators : RHP Sam Wood
|
|
Batting: SHB Jared Thomas
|
0-0: Swinging Strike 0-1: Swinging Strike 0-2: Ball 1-2: Strikes out swinging
|
|
Batting: RHB Danny Powell
|
0-0: Foul Ball, location: 2F 0-1: Ball 1-1: Fly out, F4 (Line Drive, 4, EV 76.9 MPH)
|
|
Batting: RHB Chris Holland
|
0-0: Ball 1-0: Called Strike 1-1: Called Strike 1-2: Ball 2-2: Strikes out swinging
|
| Top of the 8th over - 0 runs, 0 hits, 0 errors, 0 left on base; Pensacola 4 - Harrisburg 15 |
| BOTTOM OF THE 8TH |
|
Harrisburg Senators batting - Pitching for Pensacola Blue Wahoos : RHP Brett Cooke
|
|
Batting: RHB Jon Metzler
|
0-0: Swinging Strike 0-1: Fly out, F3 (Line Drive, 3, EV 76.3 MPH)
|
|
Batting: LHB Rich Hannus
|
0-0: Ball 1-0: Foul Ball, location: 2F 1-1: Ball 2-1: Ball 3-1: Foul Ball, location: 2F 3-2: Fly out, F2 (Popup, 25F, EV 88.1 MPH)
|
|
Batting: RHB Haykuhi Kagramanian
|
0-0: DOUBLE (Line Drive, 5D, EV 105.0 MPH)
|
|
Batting: RHB Josh Courtney
|
0-0: Called Strike 0-1: Called Strike 0-2: Ball 1-2: Strikes out looking
|
| Bottom of the 8th over - 0 runs, 1 hit, 0 errors, 1 left on base; Pensacola 4 - Harrisburg 15 |
| TOP OF THE 9TH |
|
Pensacola Blue Wahoos batting - Pitching for Harrisburg Senators : RHP Sam Wood
|
|
Pitching: RHP Fernando Fierros
|
|
|
Batting: RHB Jose Caraballo
|
0-0: Foul Ball, location: 2F 0-1: SINGLE (Groundball, 4D, EV 103.8 MPH)
|
|
Batting: RHB Solange Le Coq
|
0-0: Grounds into double play, 6-4-3 (Groundball, 6, EV 80.6 MPH)
|
|
Batting: RHB Tim Wormell
|
0-0: Called Strike 0-1: Swinging Strike 0-2: Ball 1-2: Ball 2-2: Ball 3-2: Foul Ball, location: 2F 3-2: Fly out, F6 (Popup, 6M, EV 71.9 MPH)
|
| Top of the 9th over - 0 runs, 1 hit, 0 errors, 0 left on base; Pensacola 4 - Harrisburg 15 |
|